 Dungeon Crawl Stone Soup version 0.29.0-4-gdea44cf6ec (webtiles) character file.

Game seed: 12882522911888387877

68 qw the Chopper (level 4, -1/26 HPs)
             Began as a Tengu Warper on Aug 28, 2022.
             Slain by a gnoll
             ... wielding a +0 halberd
              (9 damage)
             ... on level 2 of the Dungeon.
             The game lasted 00:00:09 (2045 turns).

qw the Chopper (Tengu Warper)                       Turns: 2045, Time: 00:00:10

Health: -1/26      AC:  7    Str: 13    XL:     4   Next: 19%
Magic:  8/8        EV: 11    Int: 14    God:
Gold:   72         SH:  0    Dex: 13    Spells: 7/7 levels left

rFire   . . .      SeeInvis .   Y - +1 hand axe
rCold   . . .      Faith    .   (no shield)
rNeg    . . .      Spirit   .   g - +0 ring mail
rPois   .          Reflect  .   p - +2 hat
rElec   .          Harm     .   (no cloak)
rCorr   .          Rampage  .   (no gloves)
Will    .....                   (boots unavailable)
Stlth   +.........              (no amulet)
HPRegen 0.08/turn               (no ring)
MPRegen 0.11/turn               (no ring)

@: no status effects
A: beak, talons 3
a: no special abilities


You were on level 2 of the Dungeon.
You visited 1 branch of the dungeon, and saw 2 of its levels.

You collected 72 gold pieces.


Innate Abilities, Weirdness & Mutations

You have a beak for a mouth.
You have claws for feet.


   Skills:
 - Level 2.0 Fighting
 + Level 4.8 Axes
 - Level 1.0 Throwing
 - Level 1.1 Armour
 - Level 2.1 Dodging
 - Level 2.0 Spellcasting
 - Level 2.4 Translocations


You had 7 spell levels left.
You didn't know any spells.
Your spell library contained the following spells:

 Spells                   Type           Power      Damage    Failure   Level
 Blink                    Tloc           16%        N/A       28%         2
 Gell's Gravitas          Tloc           8%         N/A       50%         3
 Lesser Beckoning         Tloc           8%         N/A       50%         3
 Teleport Other           Tloc           8%         N/A       50%         3
 Manifold Assault         Tloc           8%         N/A       99%         5

Inventory:

Hand Weapons
 m - a +0 club
 Y - a +1 hand axe (weapon)
Armour
 g - a +0 ring mail (worn)
 p - a +2 hat (worn)
Scrolls
 a - 2 scrolls of identify {unknown}
 c - a scroll of brand weapon {unknown}
 e - 2 scrolls of teleportation
 f - a scroll of fear {unknown}
Potions
 b - a potion of lignification {unknown}
 d - a potion of experience {unknown}
 h - a potion of ambrosia {unknown}
 k - 4 potions of curing {unknown}
 o - a potion of mutation {unknown}
 q - a potion of magic {unknown}

Dungeon Overview and Level Annotations

Branches:
Dungeon (2/15)

Altars:

Shops:
D:2 =


Message History

A gnoll comes into view. It is wielding a +0 club.
The gnoll shouts!
The gnoll throws a throwing net.
The throwing net hits you.
You become entangled in the net!
A gnoll comes into view. It is wielding a +0 halberd.
Things that are here:
a throwing net; a +0 flail; a gnoll corpse You struggle against the net.
The gnoll shouts!
You struggle against the net.
A gnoll comes into view. It is wielding a +0 whip.
You struggle against the net.
You rip the net and break free!
The gnoll hits you with a +0 club.
You slash the gnoll! Your peck misses the gnoll.
The gnoll is heavily wounded.
The gnoll hits you with a +0 club. The gnoll hits you but does no damage.
You hit the gnoll. Your kick misses the gnoll. Your peck misses the gnoll.
The gnoll is severely wounded.
The gnoll closely misses you.
You hit the gnoll but do no damage. You claw the gnoll.
You kill the gnoll!
You closely miss the gnoll. Your peck misses the gnoll.
The gnoll hits you but does no damage. The gnoll closely misses you.
You hit the gnoll but do no damage. You claw the gnoll, but do no damage.
You peck the gnoll.
The gnoll is lightly wounded.
The gnoll hits you with a +0 whip.
The gnoll hits you from afar with a +0 halberd.
You closely miss the gnoll. Your peck misses the gnoll.
The gnoll is lightly wounded.
The gnoll barely misses you. The gnoll misses you.
You hit the gnoll. You claw the gnoll!
The gnoll is severely wounded.
The gnoll hits you with a +0 whip.
The gnoll hits you from afar with a +0 halberd.
You hit the gnoll.
You kill the gnoll!
The gnoll hits you from afar with a +0 halberd!
You die...

# ## ##. ## #..
##...###### ##.
.....g)@..#######
##
##...####)......###
# ## ###.......# #
.. #.###.#.# # #..
#.# #.#.# # #.#
##+## #.# #...# #
#.# ##...## #.#
##..# # #.#
##.....## #.####..#
# ##.## ##.......##
#.#.##.?# #


You could see a gnoll.

Vanquished Creatures
  An adder (D:2)
  3 gnolls (D:2)
  3 worms (D:2)
  A dart slug (D:1)
  5 ball pythons
  2 endoplasms (D:2)
  A giant cockroach (D:2)
  4 goblins
  A hobgoblin (D:2)
  7 bats
  2 frilled lizards (D:2)
  3 kobolds (D:1)
33 creatures vanquished.

Notes
Turn   | Place    | Note
-------+----------+-------------------------------------------
     0 | D:1      | qw the Tengu Warper began the quest for the Orb.
     0 | D:1      | Reached XP level 1. HP: 12/12 MP: 4/4
     0 | D:1      | 0 ||| qw: Version: 0.1-a-89-g26bdef1
     0 | D:1      | 0 ||| qw: Game counter: 2180
     0 | D:1      | 0 ||| qw: Always use a shield: true
     0 | D:1      | 0 ||| qw: God list: Okawaru
     0 | D:1      | 0 ||| qw: Allow faded altars: false
     0 | D:1      | 0 ||| qw: Do Orc after D:15 true
     0 | D:1      | 0 ||| qw: Do second Lair branch before Depths: true
     0 | D:1      | 0 ||| qw: Lair rune preference: random
     0 | D:1      | 0 ||| qw: Plans: Normal
     0 | D:1      | 0 ||| PLANNING D:1-11
   360 | D:1      | Reached XP level 2. HP: 17/17 MP: 6/6
   371 | D:1      | Found a faded altar of an unknown god.
   380 | D:1      | Reached skill level 3 in Axes
   750 | D:1      | 750 ||| UPGRADING to +0 ring mail.
   760 | D:1      | 760 ||| DROPPING +0 leather armour.
   761 | D:1      | 761 ||| UPGRADING to +2 hat.
   766 | D:1      | 766 ||| READING scroll labelled MOVATS COATH.
   767 | D:1      | 767 ||| READING 2 scrolls labelled QUORIE NEPNUSCH.
   772 | D:1      | 772 ||| READING scroll labelled MAIMUM GOHEGRE.
   873 | D:1      | 873 ||| READING scroll labelled FALOTA DEFI.
   874 | D:1      | 874 ||| READING scroll labelled HISOUD VARCHUHU.
   875 | D:1      | 875 ||| READING 2 scrolls labelled YSO ALEMMU ERU.
   876 | D:1      | 876 ||| READING scroll labelled KYMEROAPSA.
   877 | D:1      | 877 ||| DROPPING scroll of blinking.
   878 | D:1      | 878 ||| DROPPING scroll of butterflies.
   892 | D:2      | 892 ||| STAIRDANCE
   977 | D:2      | Identified the +8 short sword of Slow Death {drain, rPois}
   992 | D:2      | Reached XP level 3. HP: 12/21 MP: 7/7
  1471 | D:2      | Reached skill level 4 in Axes
  1735 | D:2      | Found Votzafau's Jewellery Emporium.
  1740 | D:2      | 1740 ||| SHOPLISTING amulet of guardian spirit (330 gold,
                  | have 72).
  1740 | D:2      | 1740 ||| SHOPLISTING amulet of reflection (330 gold, have
                  | 72).
  1740 | D:2      | 1740 ||| SHOPLISTING ring "Xucesaza" {Ice rN+} (398 gold,
                  | have 72).
  1740 | D:2      | 1740 ||| SHOPLISTING ring of poison resistance (220 gold,
                  | have 72).
  1740 | D:2      | 1740 ||| SHOPLISTING ring of positive energy (220 gold,
                  | have 72).
  2031 | D:2      | Reached XP level 4. HP: 26/26 MP: 8/8
  2045 | D:2      | Slain by a gnoll

Levels and vault maps discovered:
D:1:      scummos_arrival_checkerplants, layout_basic,
          chequers_ecumenical_altar_island
D:2:      layout_loops_corners, serial_shops, shop, minmay_misc_feat_ornament

Skill      XL: |  1  2  3 |
---------------+----------+-----
Axes           | 3 4 |  4.8
Fighting       | |  2.0
Throwing       | |  1.0
Armour         | |  1.1
Dodging        | |  2.1
Spellcasting   | |  2.0
Translocations | |  2.4

Action                   |  1- 3 |  4- 6 || total
-------------------------+-------+-------++-------
Melee: Hand axe          |    70 |     8 ||    78
       Kick              |     9 |     3 ||    12
       Peck              |    10 |     1 ||    11
Throw: Boomerang         |     7 |       ||     7
  Use: Scroll            |     7 |       ||     7
Armor: Leather armour    |    13 |       ||    13
       Ring mail         |    18 |     2 ||    20
Dodge: Dodged            |    49 |     4 ||    53

Table legend:
 A = Non-vault XP
 B = Vault XP
 C = Vault XP percentage of total XP
 D = Non-vault monster count
 E = Vault monster count
 F = Vault count percentage of total count
                 A         B        C        D         E       F
            +---------+---------+-------+---------+---------+-------
      Total |     113 |       0 |   0.0 |      33 |       0 |   0.0
            +---------+---------+-------+---------+---------+-------
        D:1 |      23 |       0 |   0.0 |      14 |       0 |   0.0
        D:2 |      90 |       0 |   0.0 |      19 |       0 |   0.0
            +---------+---------+-------+---------+---------+-------
